Map: Orbital Shipyard

Players

ImotoFantasy - Winner!

  • Race: Protoss Protoss
  • League: Grandmaster

TerranBaek

  • Race: Terran Terran
  • League: Grandmaster

VOD

Have the link to the VOD?

Description

Time

  • Played on: Oct. 25, 2015, 1:02 a.m.
  • Length: 10:21
Show
View Real Time Build Order
Export as new Build Order

ImotoFantasy Protoss - Winner!

Build Orders: Nexus First 

Get SALT Encoding   

  12  0:01  Probe (Chrono Boost)  
  13  0:11  Probe (Chrono Boost)  
  14  0:17  Pylon  
  14  0:22  Probe (Chrono Boost)  
  16  0:35  Probe (Chrono Boost)  
  16  0:46  Probe (Chrono Boost)  
  17  0:57  Nexus  
  17  1:00  Probe (Chrono Boost)  
  18  1:11  Probe (Chrono Boost)  
  19  1:14  Gateway  
  19  1:20  Assimilator  
  19  1:21  Probe (Chrono Boost)  
  20  1:26  Assimilator  
  20  1:32  Probe (Chrono Boost)  
  21  1:35  Pylon  
  21  1:42  Probe (Chrono Boost)  
  22  1:53  Probe (Chrono Boost)  
  23  2:01  Cybernetics Core  
  23  2:03  Probe (Chrono Boost)  
  24  2:10  Probe (Chrono Boost)  
  25  2:17  Probe (Chrono Boost)  
  25  2:20  Probe (Chrono Boost)  
  27  2:27  Probe (Chrono Boost)  
  28  2:30  Probe (Chrono Boost), Assimilator  
  28  2:37  Stalker, Warp Gate (Chrono Boost)  
  31  2:38  Probe (Chrono Boost)  
  32  2:50  Mothership Core (Chrono Boost)  
  33  3:04  Probe (Chrono Boost)  
  33  3:16  Probe x2 (Chrono Boost)  
  35  3:20  Robotics Facility  
  35  3:26  Probe x2 (Chrono Boost)  
  37  3:32  Stalker  
  39  3:37  Probe x2 (Chrono Boost)  
  41  3:42  Pylon  
  41  3:47  Probe x2 (Chrono Boost)  
  43  3:50  Assimilator  
  43  3:51  Pylon  
  43  3:53  Pylon  
  43  3:56  Pylon  
  43  3:58  Probe x2 (Chrono Boost)  
  43  4:02  Stalker  
  47  4:08  Probe x2 (Chrono Boost)  
  49  4:19  Probe x2 (Chrono Boost)  
  49  4:20  Observer  
  49  4:23  Twilight Council  
  52  4:25  Gateway  
  52  4:28  Gateway  
  52  4:29  Probe (Chrono Boost)  
  52  4:30  Probe (Chrono Boost)  
  54  4:35  Gateway  
  54  4:38  Gateway  
  54  4:46  Nexus  
  54  4:50  Pylon  
  54  4:51  Probe (Chrono Boost)  
  54  4:52  Probe (Chrono Boost)  
  56  4:57  Sentry  
  58  5:02  Probe (Chrono Boost)  
  58  5:03  Probe (Chrono Boost)  
  58  5:04  Observer  
  58  5:06  Robotics Bay  
  62  5:14  Probe x2 (Chrono Boost)  
  62  5:17  Blink (Chrono Boost)  
  63  5:24  Pylon  
  63  5:26  Probe x2 (Chrono Boost)  
  65  5:36  Pylon  
  65  5:39  Pylon  
  65  5:42  Stalker x4  
  71  5:44  Probe  
  71  5:45  Probe  
  75  5:56  Forge  
  75  6:02  Probe  
  75  6:03  Probe x2  
  75  6:04  Pylon  
  78  6:13  Zealot x3  
  78  6:14  Stalker x2  
  88  6:21  Probe x2  
  88  6:22  Probe  
  91  6:26  Protoss Ground Weapons Level 1 (Chrono Boost)  
  91  6:34  Photon Cannon  
  91  6:35  Photon Cannon  
  91  6:37  Photon Cannon x2  
  91  6:44  Stalker x3  
  91  6:45  Colossus (Chrono Boost)  
  103  6:59  Extended Thermal Lance (Chrono Boost)  
  103  7:05  Assimilator  
  103  7:10  Assimilator  
  103  7:30  Probe  
  103  7:31  Probe  
  105  7:37  Colossus  
  105  7:38  Robotics Facility  
  105  7:40  Zealot  
  105  7:41  Zealot x4  
  105  7:42  Charge (Chrono Boost)  
  121  7:48  Gateway  
  121  7:53  Gateway  
  121  7:54  Gateway  
  121  7:57  Pylon  
  121  8:06  Pylon  
  121  8:09  Gateway  
  121  8:11  Gateway  
  121  8:31  Colossus  
  127  8:34  Colossus  
  127  8:38  Zealot x5  
  143  8:43  Pylon  
  143  8:44  Pylon  
  142  9:01  Zealot  
  142  9:02  Zealot x5  
  150  9:24  Colossus  
  150  9:26  Zealot x5  
  164  9:35  Pylon  
  164  9:39  Pylon  
  164  9:44  Probe  
  165  9:56  Pylon  
  171  10:07  Nexus  
  171  10:08  Stalker x2  
  171  10:09  Stalker x3  
Show
View Real Time Build Order
Export as new Build Order

TerranBaek Terran 

Build Orders: MMM Bio 

Get SALT Encoding   

  12  0:01  SCV  
  13  0:13  SCV  
  14  0:24  Supply Depot  
  14  0:30  SCV  
  15  0:37  Refinery  
  15  0:39  Refinery  
  15  0:46  SCV  
  16  0:52  Barracks  
  16  0:58  SCV  
  17  1:10  SCV  
  18  1:22  SCV  
  19  1:31  Supply Depot  
  19  1:39  Reaper  
  20  1:50  Factory  
  21  1:56  Orbital Command  
  20  2:27  Reaper  
  20  2:28  SCV  
  22  2:35  Starport  
  22  2:37  Factory Tech Lab  
  22  3:17  Marine  
  22  3:19  Cyclone  
  25  3:21  Medivac  
  26  3:30  Factory  
  26  3:31  SCV  
  26  3:33  Barracks  
  27  3:56  Command Center  
  27  3:59  Cyclone  
  27  4:00  Mag-Field Accelerator  
  30  4:04  Marine  
  31  4:15  Factory Tech Lab  
  31  4:26  Barracks Reactor, Barracks Tech Lab  
  31  4:29  Starport Reactor  
  31  4:39  Refinery  
  31  4:42  Supply Depot, Refinery  
  31  4:43  Supply Depot  
  31  5:03  Marauder  
  31  5:06  Marine  
  31  5:07  Marine  
  34  5:08  Medivac  
  34  5:12  SCV  
  38  5:17  SCV  
  39  5:24  SCV, Stimpack  
  39  5:25  Marine  
  41  5:30  SCV  
  42  5:37  Orbital Command  
  42  5:45  Marine x2  
  42  5:47  Marauder  
  46  5:53  Cyclone  
  49  6:08  Marine x2  
  49  6:09  SCV  
  52  6:12  SCV  
  53  6:21  Barracks, Marauder  
  55  6:37  Medivac  
  57  6:40  Medivac  
  59  6:49  SCV  
  60  7:04  Engineering Bay  
  60  7:08  Command Center  
  60  7:20  Marine x2  
  62  7:24  Combat Shields  
  62  7:30  Supply Depot  
  62  7:43  Supply Depot  
  64  7:44  Marauder  
  64  7:47  Marine x2  
  64  7:48  Marine  
  64  7:50  Siege Tank  
  70  7:52  Siege Tank  
  71  8:27  Marine  
  71  8:28  Marine  
  71  8:31  Barracks Reactor  
  67  9:04  Marine x3  
  67  9:06  Siege Tank x2  
  67  9:08  Liberator  
  67  9:09  Liberator  
  64  9:22  Marine x2  
  50  9:27  SCV  
  50  9:31  Marine x2  
  49  9:32  Marine  
  49  9:33  SCV  
  49  9:34  SCV  
  53  9:44  SCV  
  54  9:49  Marine x3  
  54  9:50  Marine x2  
Tags
 
Add a new tag
Caveats
  • Supply blocks, unpowered buildings, or Contaminate may cause inaccurate times.
  • Supply counts are checked every 10 seconds.